 Dungeon Crawl Stone Soup version 0.28-a0-793-g31680bbd8b (webtiles) character file.

Game seed: 9684476134504917170

7 jasper the Chopper (level 1, 0/18 HPs)
             Began as a Demonspawn Cinder Acolyte on Nov 3, 2021.
             Was a High Priest of Ignis.
             Succumbed to a kobold's poison
             ... on level 1 of the Dungeon.
             The game lasted 00:00:29 (310 turns).

jasper the Chopper (Demonspawn Cinder Acolyte)       Turns: 310, Time: 00:00:29

Health: 0/18       AC:  2    Str: 14    XL:     1   Next: 91%
Magic:  2/2        EV: 11    Int: 15    God:    Ignis [*****.]
Gold:   0          SH:  0    Dex:  8    Spells: 2/2 levels left

rFire   + . .      SeeInvis .   a - -1 hand axe (flame)
rCold   . . .      Faith    .   (no shield)
rNeg    . . .      Spirit   .   b - +0 robe
rPois   .          Reflect  .   (no helmet)
rElec   .          Harm     .   (no cloak)
rCorr   .          Rampage  .   (no gloves)
Will    .....                   (no boots)
Stlth   +.........              (no amulet)
HPRegen 0.06/turn               (no ring)
MPRegen 0.08/turn               (no ring)

@: lethally poisoned (0 -> -5)
A: no striking features
a: Renounce Religion, Sea of Fire, Foxfire Swarm, Rising Flame


You were on level 1 of the Dungeon.
You worshipped Ignis.
Ignis was extremely pleased with you.
You visited 1 branch of the dungeon, and saw 1 of its levels.

Inventory:

Hand Weapons
 a - a -1 hand axe of flaming (weapon)
Armour
 b - a +0 robe (worn)


   Skills:
 - Level 3.0 Fighting
 + Level 3.2 Axes
 - Level 1.0 Spellcasting
 - Level 2.6 Fire Magic


You had 2 spell levels left.
You didn't know any spells.
Your spell library contained the following spells:

 Spells                   Type           Power      Damage    Failure   Level
 Scorch                   Fire           16%        2d5       12%         2


Dungeon Overview and Level Annotations

Branches:
Dungeon (1/15)

Altars:


Message History

You kill the giant cockroach!
You open the door.
There is an open door here.
Found a faded altar of an unknown god.
There is an open door here.
There is a faded altar of an unknown god here.
You open the door.
A kobold comes into view. It is wielding a +1 dagger of venom.
An endoplasm comes into view.
The kobold shouts!
The endoplasm quivers.
The kobold throws a stone.
The stone hits you.
There is an open door here.
You take 1 damage, and have 17/18 hp.
The kobold hits you with a +1 dagger of venom.
You take 1 damage, and have 16/18 hp.
You barely miss the kobold. The kobold closely misses you.
You barely miss the kobold.
The kobold hits you with a +1 dagger of venom.
You take 4 damage, and have 12/18 hp.
MASSIVE DAMAGE!!
You closely miss the kobold.
The kobold hits you with a +1 dagger of venom.
You are lethally poisoned!
You take 3 damage, and have 9/18 hp.
You barely miss the kobold. You completely miss the endoplasm.
You feel very sick.
The endoplasm hits you but does no damage.
The kobold hits you with a +1 dagger of venom.
* * * LOW HITPOINT WARNING * * *
You take 5 damage, and have 4/18 hp.
MASSIVE DAMAGE!!
Flames leap up around you!
* * * LOW HITPOINT WARNING * * *
You feel sick. The endoplasm hits you.
* * * LOW HITPOINT WARNING * * *
The kobold barely misses you.
You take 2 damage, and have 2/18 hp.
You hit the kobold. You burn the kobold.
You kill the kobold!
You hit the endoplasm. You burn the endoplasm.
You die...

#.§§§#....#
#....#....#
#.≈§≈_≈≈≈.#
#....#.§..#
#....#§...#
#..§§#≈≈..#
#....#v...#
#####v#####.
#v@vv......
##)Jv......
#vvv......
#.........
#.........
#.........
#.........
#........


You could see an endoplasm (ally target).

Vanquished Creatures
  2 giant cockroaches (D:1)
  2 goblins (D:1)
  2 ball pythons (D:1)
  A kobold (D:1)
  A rat (D:1)
8 creatures vanquished.

Notes
Turn   | Place    | Note
-------+----------+-------------------------------------------
     0 | D:1      | jasper the Demonspawn Cinder Acolyte began the quest for
                  | the Orb.
     0 | D:1      | Reached XP level 1. HP: 18/18 MP: 2/2
   287 | D:1      | Found a faded altar of an unknown god.
   310 | D:1      | Succumbed to a kobold's poison

Illustrated notes

Levels and vault maps discovered:
D:1:      dpeg_arrival_long_road, layout_basic,
          shapermc_ecumenical_altar_notcrosses

Skill      XL: |  1 |
---------------+----+-----
Axes           | 3 |  3.2
Fighting       | |  3.0
Spellcasting   | |  1.0
Fire Magic     | |  2.6

Action                   || total
-------------------------++-------
Melee: Hand axe          ||    24
Invok: Foxfire Swarm     ||     1
Armor: Robe              ||     6
Dodge: Dodged            ||    20

Table legend: (Time is in decaauts)
 A = Elapsed time spent in this place.
 B = Non-inter-level travel time spent in this place.
 C = Inter-level travel time spent in this place.
 D = Time resting spent in this place.
 E = Time spent auto-exploring this place.
 F = Levels seen in this place.
 G = Mean time per level.
                   A        B        C        D        E       F      G
               +--------+--------+--------+--------+--------+-----+--------+
         Total |    313 |    313 |      0 |     59 |    190 |   1 |  313.0 |
       Dungeon |    313 |    313 |      0 |     59 |    190 |   1 |  313.0 |
               +--------+--------+--------+--------+--------+-----+--------+

Top non-repeatable levels by time:
     D:1: 313 daAuts
